[Event "SS Manhem Chess Week 2022: IM Tournament"]
[Site "Schackcentrum, Vegagatan 20, Gothenburg, Sweden"]
[Date "2022.08.12"]
[Round "9.1"]
[White "Kucuksari, Kaan"]
[Black "Pantzar, Milton"]
[Result "1/2-1/2"]
[TimeControl "90 minutes for 40 moves + 30 minutes for the rest of the game + 30 seconds per move from move one."]
[WhiteTitle "FM"]
[BlackTitle "IM"]
[WhiteFideId "6380166"]
[BlackFideId "1721003"]
[WhiteElo "2398"]
[BlackElo "2447"]

1. d4 d5 2. c4 e6 3. Nf3 Nf6 4. g3 Be7 5. Bg2 O-O 6. O-O c6 7. Qc2 b6 8. b3 Nbd7 9. Rd1 a5 10.
Nbd2 Bb7 11. e4 a4 12. Bb2 axb3 13. axb3 Rxa1 14. Rxa1 dxe4 15. Nxe4 c5 16. Nfg5 Bxe4 17. Nxe4 Nxe4 18.
Qxe4 Bf6 19. Qe3 Nb8 20. Qd2 Bxd4 21. Bxd4 cxd4 22. Rd1 e5 23. Bd5 Kh8 24. Re1 Qd6 25. f4 Nd7 26. fxe5 Nxe5 27.
Qf4 f6 28. Rd1 Qb4 29. Qxd4 Qxb3 30. Rd2 Qa3 31. Kg2 Qc5 32. Qxc5 bxc5 33. Rb2 h5 34. h3 Kh7 35. Rb5 Rc8 36.
Kf2 Rc7 37. Ke3 Kg6 38. Kf4 Nd3+ 39. Ke3 Ne5 40. Kf4 Nd3+ 41. Kf3 Ne5+ 42. Kf4 1/2-1/2

[Event "SS Manhem Chess Week 2022: IM Tournament"]
[Site "Schackcentrum, Vegagatan 20, Gothenburg, Sweden"]
[Date "2022.08.12"]
[Round "9.2"]
[White "Ingebretsen, Jens E"]
[Black "Heimisson, Hilmir Freyr"]
[Result "1-0"]
[TimeControl "90 minutes for 40 moves + 30 minutes for the rest of the game + 30 seconds per move from move one."]
[WhiteTitle "FM"]
[BlackTitle "IM"]
[WhiteFideId "1522965"]
[BlackFideId "2309998"]
[WhiteElo "2325"]
[BlackElo "2323"]

1. c4 Nf6 2. Nc3 e6 3. e4 d5 4. cxd5 exd5 5. e5 Ne4 6. Nf3 Bf5 7. Qb3 d4 8. Nxe4 Bxe4 9. Bc4 Qe7 10.
O-O Nc6 11. Re1 Bxf3 12. Qxf3 O-O-O 13. d3 f6 14. Qg3 Qe8 15. f4 Bb4 16. Re4 Qh5 17. Be6+ Kb8 18. Bg4 Qf7 19. a3 Ba5 20.
e6 Qe7 21. b4 Bb6 22. Bd2 g6 23. Re2 f5 24. Bf3 Rd6 25. b5 Na5 26. Bb4 Nb3 27. Bxd6 cxd6 28. Rb1 Nc5 29. Rd1 Na4 30.
Ra1 Re8 31. Qh3 Nc3 32. Ree1 h5 33. g3 Qf6 34. Qg2 Qe7 35. h3 Rc8 36. g4 hxg4 37. hxg4 d5 38. gxf5 gxf5 39. Qg5 Bc5 40. a4 Qh7 41. e7 Re8 42.
Qh5 Qg7+ 43. Kf1 Rxe7 44. Rxe7 Bxe7 45. Qxf5 Bd6 46. Re1 Qg3 47. Qh5 Qxf4 48. a5 Nxb5 49. Qxd5 Kc8 50. Re8+ 1-0

[Event "SS Manhem Chess Week 2022: IM Tournament"]
[Site "Schackcentrum, Vegagatan 20, Gothenburg, Sweden"]
[Date "2022.08.12"]
[Round "9.3"]
[White "Ernst, Thomas"]
[Black "Mitusov, Semen"]
[Result "0-1"]
[TimeControl "90 minutes for 40 moves + 30 minutes for the rest of the game + 30 seconds per move from move one."]
[WhiteTitle "GM"]
[BlackTitle "FM"]
[WhiteFideId "1700065"]
[BlackFideId "14151049"]
[WhiteElo "2323"]
[BlackElo "2415"]

1. e4 e5 2. Nf3 Nc6 3. Bb5 a6 4. Ba4 Nf6 5. O-O b5 6. Bb3 Bc5 7. a4 Rb8 8. Nxe5 Nxe5 9. d4 Bxd4 10.
Qxd4 d6 11. f3 c5 12. Qf2 O-O 13. Be3 c4 14. Ba2 Qc7 15. Bd4 Re8 16. Nd2 Bb7 17. axb5 axb5 18. Rae1 d5 19. exd5 Nxd5 20.
Qg3 Ng6 21. Qxc7 Nxc7 22. Bb1 Ne6 23. Be3 Rbd8 24. c3 Ngf4 25. Ne4 Bxe4 26. Bxe4 Nd3 27. Bxd3 Rxd3 28. Kf2 Red8 29. Ra1 g5 30.
Ke2 f5 31. Rfd1 f4 32. Bf2 Rxd1 33. Rxd1 Rxd1 34. Kxd1 Kf7 {White's phone was turned on and made a
sound.} 0-1

[Event "SS Manhem Chess Week 2022: IM Tournament"]
[Site "Schackcentrum, Vegagatan 20, Gothenburg, Sweden"]
[Date "2022.08.12"]
[Round "9.4"]
[White "Jacobsen, Mikkel Manosri"]
[Black "Rydstrom, Tom"]
[Result "0-1"]
[TimeControl "90 minutes for 40 moves + 30 minutes for the rest of the game + 30 seconds per move from move one."]
[WhiteTitle "FM"]
[BlackTitle "FM"]
[WhiteFideId "1444514"]
[BlackFideId "1714830"]
[WhiteElo "2320"]
[BlackElo "2304"]

1. d4 d5 2. c4 e6 3. Nc3 Nf6 4. cxd5 exd5 5. Bg5 c6 6. e3 Be7 7. Bd3 Nbd7 8. Qc2 Nf8 9. Nf3 Ne6 10.
Bh4 g6 11. h3 Ng7 12. g4 O-O 13. Bg3 Re8 14. O-O-O Be6 15. Kb1 Rc8 16. Ne5 c5 17. Bb5 Rf8 18. dxc5 Rxc5 19. f3 Qa5 20.
Qa4 Qb6 21. Be1 a6 22. Be2 Ra5 23. Qd4 Bc5 24. Qf4 d4 25. exd4 Ba3 26. Qd2 Rc8 27. d5 Nxd5 28. Nc4 Nxc3+ 29. Qxc3 Bxc4 30. Bxc4 Rxc4 31. Qb3 Rb4 32. Bxb4 Bxb4 33. a3 Bc5 34. Qxb6 Bxb6 35. Rd7 Ne6 36. Rxb7 Bd4 37. Rc1 Kg7 38.
Rc8 Rd5 39. Re8 Nc5 40. Ra7 Nd3 41. Rxa6 Nxb2 42. a4 Nc4 43. Kc2 Bf6 44. Rc8 Rd2+ 45. Kc1 Bg5 46. Kb1 Na3+ 47. Ka1 Be3 48.
Rc3 Bd4 49. Rac6 Rc2 50. a5 Bxc3+ 0-1

[Event "SS Manhem Chess Week 2022: IM Tournament"]
[Site "Schackcentrum, Vegagatan 20, Gothenburg, Sweden"]
[Date "2022.08.12"]
[Round "9.5"]
[White "Olsson, William"]
[Black "Johnson, Daniel"]
[Result "1-0"]
[TimeControl "90 minutes for 40 moves + 30 minutes for the rest of the game + 30 seconds per move from move one."]
[WhiteTitle "FM"]
[WhiteFideId "1741721"]
[BlackFideId "1721283"]
[WhiteElo "2311"]
[BlackElo "2207"]

1. c4 e6 2. Nf3 d5 3. g3 Nf6 4. Bg2 Be7 5. O-O O-O 6. b3 d4 7. e3 c5 8. Ne5 Qc7 9. f4 Nfd7 10.
exd4 cxd4 11. Nf3 Nc6 12. Bb2 Rd8 13. d3 Nc5 14. Qe2 Bf6 15. Nbd2 b6 16. Ne4 Nxe4 17. Qxe4 Bb7 18. Nd2 Rab8 19.
Qe2 Ne7 20. Bxb7 Qxb7 21. Ne4 Nf5 22. Nxf6+ gxf6 23. Rf3 b5 24. c5 Rd5 25. b4 Kh8 26. Qe4 Qd7 27. Rc1 Ne7 28. a3 f5 29.
Qe1 Nc6 30. Rf2 Re8 31. Qd1 f6 32. Qb3 e5 33. fxe5 Rdxe5 34. Rcf1 Re1 35. Qc2 Qd5 36. Qd2 Rxf1+ 37. Rxf1 Re3 38.
Rf4 Qb3 39. Bxd4 Rxd3 40. Bxf6+ Kg8 41. Qe2 Re3 42. Qh5 Qb1+ 43. Kg2 Qa2+ 44. Rf2 Qd5+ 45. Kh3 Qe6 46. Rxf5 Ne5 47. Bxe5 Rxe5 48.
Qg4+ 1-0